 Dungeon Crawl Stone Soup version 0.20-a0-681-gf83e07f (webtiles) character file.

425 polly the Slasher (level 6, 0/46 HPs)
             Began as a Demonspawn Gladiator on Feb 19, 2017.
             Killed by nerve-wracking pain
             ... invoked by Grinder
              (2 damage)
             ... on level 4 of the Dungeon.
             The game lasted 00:06:30 (3836 turns).

polly the Slasher (Demonspawn Gladiator)            Turns: 3836, Time: 00:06:31

Health: 0/46       AC: 10    Str: 16    XL:     6   Next: 64%
Magic:  6/6        EV:  8    Int: 10    God:
Gold:   211        SH:  0    Dex: 11    Spells: 5/5 levels left

rFire    . . .     SeeInvis .   l - +0 great sword
rCold    . . .     Gourm    .   h - +0 chain mail (curse)
rNeg     . . .     Faith    .   (shield currently unavailable)
rPois    .         Spirit   .   c - +0 helmet
rElec    .         Reflect  .   i - +0 cloak
rCorr    .         Harm     .   (no gloves)
MR       .....                  (no boots)
Stlth    ..........             s - amulet of regeneration
Regen    0.6/turn               (no ring)
MPRegen  0.1/turn               n - -3 ring of dexterity (curse)

@: no status effects
A: powered by death 1
a: no special abilities


You were on level 4 of the Dungeon.
You were not hungry.

You visited 1 branch of the dungeon, and saw 5 of its levels.

You collected 211 gold pieces.

Inventory:

Hand Weapons
 l - a +0 great sword (weapon)
Armour
 c - a +0 helmet (worn)
 h - a cursed +0 chain mail (worn)
 i - a +0 cloak (worn)
Jewellery
 n - a cursed -3 ring of dexterity (left hand)
 s - an amulet of regeneration (around neck)
Scrolls
 a - 2 scrolls of identify
 b - a scroll of recharging
 k - 4 scrolls of fog
 m - a scroll of fear {unknown}
 o - a scroll of noise {unknown}
Potions
 e - a potion of degeneration {unknown}
 g - a potion of flight {unknown}
 p - 2 potions of brilliance
 q - 2 potions of heal wounds {unknown}
Comestibles
 f - 3 bread rations
 j - 5 meat rations
 r - 3 chunks of flesh


   Skills:
 + Level 2.9 Fighting
 + Level 5.4 Long Blades
 + Level 1.9 Throwing
 + Level 2.1 Armour
 + Level 3.6 Dodging
 + Level 0.6 Stealth


You had 5 spell levels left.
You didn't know any spells.

Dungeon Overview and Level Annotations

Branches:
Dungeon (5/15)
 Temple: D:4-7

Altars:
Dithmenos
Qazlal
Trog

Annotations:
D:4 Grinder
D:5 Menkaure


Innate Abilities, Weirdness & Mutations

You regenerate a little health from kills.


Message History

Sorry, you're not good enough to have a special ability.
Sorry, you're not good enough to have a special ability.
You slash Grinder!
Grinder is moderately wounded.
Grinder barely misses you.
You riposte.
You closely miss Grinder.
Grinder is moderately wounded.
Grinder hits you but does no damage. Grinder gestures at you.
You resist with significant effort. Grinder gestures at you.
Pain shoots through your body!
* * * LOW HITPOINT WARNING * * *
You hit Grinder.
Grinder is moderately wounded.
Grinder gestures at you. Pain shoots through your body!
* * * LOW HITPOINT WARNING * * *
Grinder gestures at you. Pain shoots through your body!
You die...

...#≈≈≈≈#.≈..#.####### #..#
≈≈≈#≈_.≈≈....#.# #.##
≈≈≈#≈8>≈≈≈.....###### #.#
..≈≈≈≈≈≈#≈..........# #.#
..≈#+##≈≈≈..........########.#
.....≈.≈≈≈≈....####..........#
.....≈.≈≈...........##########
...............####.#
###.....(.....5.@...#
###################


You could see Grinder.

Vanquished Creatures
  A howler monkey (D:4)
  A gnoll shaman (D:4)
  2 orc wizards (D:4)
  2 worker ants
  A howler monkey skeleton (D:4)
  4 gnolls (D:4)
  8 adders
  4 oozes
  An adder skeleton (D:4)
  A worm (D:2)
  5 dart slugs
  A leopard gecko (D:1)
  11 orcs
  10 bats
  5 giant cockroaches
  4 goblins
  7 hobgoblins
  12 jackals
  2 ball pythons
  8 kobolds
  5 rats
95 creatures vanquished.

Notes
Turn   | Place    | Note
-------+----------+-------------------------------------------
     0 | D:1      | polly the Demonspawn Gladiator began the quest for the Orb.
     0 | D:1      | Reached XP level 1. HP: 16/16 MP: 1/1
    52 | D:1      | Reached skill level 3 in Long Blades
    52 | D:1      | Gained mutation: You regenerate a little health from kills. [demonic ancestry]
    52 | D:1      | Reached XP level 2. HP: 22/22 MP: 2/2
   193 | D:1      | Reached XP level 3. HP: 23/27 MP: 3/3
   810 | D:2      | Reached XP level 4. HP: 24/33 MP: 4/4
   928 | D:2      | HP: 2/49 [adder (1)]
  1228 | D:2      | Reached skill level 1 in Armour
  1870 | D:3      | Reached XP level 5. HP: 39/39 MP: 5/5
  1876 | D:3      | Reached skill level 4 in Long Blades
  3044 | D:4      | Found a bloodstained altar of Trog.
  3108 | D:4      | Found a shadowy altar of Dithmenos.
  3268 | D:4      | Reached XP level 6. HP: 46/46 MP: 6/6
  3285 | D:4      | Reached skill level 5 in Long Blades
  3503 | D:4      | Found a stormy altar of Qazlal.
  3642 | D:5      | Entered Level 5 of the Dungeon
  3801 | D:5      | Noticed Grinder
  3803 | D:5      | Noticed Menkaure
  3803 | D:5      | Paralysed by Grinder for 2 turns
  3820 | D:4      | Paralysed by Grinder for 7 turns
  3835 | D:4      | HP: 2/46 [Grinder/nerve-wracking pain (6)]
  3836 | D:4      | Killed from afar by Grinder

Vault maps used:
D:1:      erik_arrival_gehennom
D:2:      kennysheep_flooded_box, grunt_ministairs_10
D:3:      first_bread
D:4:      lemuel_coloured_pillars_altar, nicolae_dithmenos_shadow_blocks,
          nicolae_qazlal_general_emergency
D:5:      elyvilon_altar_1, uniq_grinder, uniq_menkaure

Skill      XL: |  1  2  3  4  5  6 |
---------------+-------------------+-----
Long Blades    | 3 4 5 |  5.4
Dodging        | 3 |  3.6
Armour         | 1 2 |  2.1
Fighting       | |  2.9
Throwing       | |  1.9
Stealth        | |  0.6

Action                   |  1- 3 |  4- 6 || total
-------------------------+-------+-------++-------
Melee: Long sword        |    72 |   144 ||   216
       Great sword       |       |   102 ||   102
Throw: Throwing net      |       |     3 ||     3
  Use: Scroll            |       |     8 ||     8
       Potion            |       |     2 ||     2
 Stab: Sleeping          |     2 |       ||     2
  Eat: Chunk             |       |     8 ||     8
       Royal jelly       |       |     1 ||     1
Armor: Leather armour    |    31 |    22 ||    53
       Chain mail        |       |   154 ||   154
       Skin              |       |    13 ||    13
Dodge: Dodged            |    85 |   168 ||   253
       Rpst.: Long sword |    30 |    25 ||    55
       Great sword       |       |    21 ||    21
